AoeStats
← Zane

Arabian Desert

510278278Analyzed
1v1 RM · 2d ago on Sep 30, 2026· 22m 34s· 2 players
Game mode
Random Map
Map size
Tiny (2 player)
Population
200
Speed
Normal
Resources
Standard
Victory
Conquest
Starting age
Dark Age
Ending age
Imperial Age
RankedLock teamsTeams togetherTeam positionsShared explorationLock speedFull tech treeHidden civsTurbo modeCheats
Victory
Defeat
🇩🇪 Huns · Germany
1957
+10
🇨🇳 Magyars · China
1810
-10
Zane
3:35 Loom
6:02 Loom
8:28 Feudal Age
9:12 Double-Bit Axe
18:21 Padded Archer Armor
19:19 Fletching
Sanwald
7:28 Loom
10:11 Feudal Age
10:43 Double-Bit Axe
14:33 Fletching
19:40 Forging
20:08 Wheelbarrow
21:02 Scale Barding Armor
Connection lost

Rejoining the realm…

Still unreachable

The connection could not be restored.

Session expired

The server has moved on; the page needs a fresh start.